 Dungeon Crawl Stone Soup version 0.29-a0-315-gaf6dd05e2f (webtiles) character file.

Game seed: 4394913159942357122

924 heavoid the Covered (level 7, -5/61 HPs)
             Began as a Minotaur Fighter on Mar 29, 2022.
             Was an Initiate of Wu Jian.
             Slain by a hornet (9 damage)
             ... on level 8 of the Dungeon.
             The game lasted 00:26:20 (4059 turns).

heavoid the Covered (Minotaur Fighter)              Turns: 4059, Time: 00:26:23

Health: -5/61      AC:  7    Str: 21    XL:     7   Next: 84%
Magic:  0/6        EV:  9    Int:  9    God:    Wu Jian [......]
Gold:   194        SH:  9    Dex: 11    Spells: 6/6 levels left

rFire   . . .      SeeInvis .   h - +3 whip
rCold   + + .      Faith    .   r - +0 kite shield
rNeg    + . .      Spirit   +   b - +0 scale mail
rPois   .          Reflect  .   (helmet restricted)
rElec   .          Harm     .   (no cloak)
rCorr   .          Rampage  .   (no gloves)
Will    .....                   (no boots)
Stlth   +.........              w - amulet of guardian spirit
HPRegen 0.20/turn               k - ring "Jeinucoy" {Contam rC++ rN+ Int+4 Stlth+}
MPRegen 0.10/turn               n - ring of flight

@: mighty, lethally poisoned (-5 -> -22), flying, slowed, very slow
A: horns 2, retaliatory headbutt
a: Renounce Religion


You were on level 8 of the Dungeon.
You worshipped Wu Jian.
Wu Jian was noncommittal.
You visited 2 branches of the dungeon, and saw 8 of its levels.

You collected 213 gold pieces.
You donated 19 gold pieces to Zin.

Inventory:

Hand Weapons
 a - a +0 long sword
 h - a +3 whip (weapon)
 i - a +0 dagger of venom
 q - a +0 short sword of holy wrath
Missiles
 l - 86 stones (quivered)
 p - a throwing net
Armour
 b - a +0 scale mail (worn)
 c - a +0 buckler
 r - a +0 kite shield (worn)
Magical Staves
 g - a staff of cold
Jewellery
 k - the ring "Jeinucoy" (left hand) {Contam rC++ rN+ Int+4 Stlth+}
   (You found it on level 2 of the Dungeon)

   [ring of positive energy]

   Int:       It affects your intelligence (+4).
   rC:        It greatly protects you from cold.
   rN:        It protects you from negative energy.
   Contam:    It causes magical contamination when unequipped.
   Stlth:     It makes you more stealthy.
 n - a ring of flight (right hand)
 o - a +6 ring of intelligence
 w - an amulet of guardian spirit (around neck)
 A - an amulet of magic regeneration
Scrolls
 j - a scroll of amnesia
 m - 2 scrolls of teleportation
 s - a scroll of magic mapping
 u - a scroll of fog
 y - a scroll of vulnerability {unknown}
 B - 2 scrolls of identify
Potions
 d - a potion of might
 e - 2 potions of lignification
 f - a potion of heal wounds {unknown}
 t - a potion of magic
 x - 2 potions of haste
 z - a potion of invisibility {unknown}


   Skills:
 + Level 5.3 Fighting
 + Level 4.0 Long Blades
 + Level 5.8 Maces & Flails
 + Level 0.2 Throwing
 + Level 6.0 Armour
 + Level 2.8 Dodging
 + Level 0.4 Stealth
 + Level 5.3 Shields


You had 6 spell levels left.
You didn't know any spells.
Your spell library contained the following spells:

 Spells                   Type           Power      Damage    Failure   Level
 Animate Skeleton         Necr           0%         N/A       96%         1
 Pain                     Necr           0%         1d4       96%         1
 Sting                    Tmut/Pois      0%         1d3       96%         1
 Poisonous Vapours        Pois/Air       0%         N/A       99%         2
 Vampiric Draining        Necr           0%         2d6       100%        3
 Fulminant Prism          Conj/Hex       0%         3d6       100%        4
 Iskenderun's Mystic Bla  Conj/Tloc      0%         2d3       100%        4
 Olgreb's Toxic Radiance  Pois           0%         N/A       100%        4
 Lee's Rapid Deconstruct  Erth           0%         3d5*      100%        5


Dungeon Overview and Level Annotations

Branches:
Dungeon (9/15)             Temple (1/1) D:4
   Lair: D:8-11         Orc: D:9-12

Altars:
Cheibriados
Dithmenos
Nemelex Xobeh
Ru
Sif Muna
Uskayaw
Vehumet
Wu Jian
Xom
Zin
The Shining One


Innate Abilities, Weirdness & Mutations

You have a pair of horns on your head.
You reflexively headbutt those who attack you in melee.


Message History

Found a black potion.
Found a stone staircase leading down.
There is a stone staircase leading up here.
There is a stone staircase leading down here.
Magic restored.
You fly downwards.
There is a stone staircase leading up here.
You fly upwards.
There is a stone staircase leading down here.
There is a stone staircase leading down here.
You fly downwards.
The hornet stings you!
You feel yourself slow down.
The hornet stings you but does no damage.
Nemelex Xobeh makes you draw from the deck of Punishment.
You draw a card...
You have drawn Torment.
Your body is wracked with pain!
There is a stone staircase leading up here.
You block the hornet's attack. x3
You fly upwards.
You feel yourself speed up.
There is a stone staircase leading down here.
The hornet stings you!
* * * LOW HITPOINT WARNING * * *
You are poisoned.
You feel yourself slow down.
As you read the scroll labelled ZATESCH BOTZAYP, it crumbles to dust.
You speak a Word of immense power!
It was a scroll of holy word.
* * * LOW HITPOINT WARNING * * *
You feel very sick.
The hornet stings you but does no damage. x3
You feel very mighty all of a sudden.
You feel yourself speed up.
You feel very sick. The hornet stings you.
* * * LOW HITPOINT WARNING * * *
You feel yourself slow down. The hornet barely misses you.
* * * LOW HITPOINT WARNING * * *
You feel sick. The hornet stings you.
* * * LOW HITPOINT WARNING * * *
You are more poisoned.
You feel as though you will be slow longer.
The hornet stings you!
You die...
Xom bursts into laughter!

.....## .. ##.....#
..# #......####.##
............. #
#......... ###.
#.......#.#
#...###.........#.
..##........@####...
.......<...y.#......
#...................
##!......>..........
#......#............
##.##.##..###.......
.. #. #..# ...##.# .
#. #.## ..## . #.
..# ...


You could see a hornet.

Vanquished Creatures
  The ghost of earlgrey the Covert, a novice KoBr (D:4)
  A black bear (D:4)
  A kobold brigand (D:4)
  A necrophage (D:7)
  A scorpion (D:4)
  A jelly (D:4)
  A hound (D:4)
  2 orc priests (D:4)
  Natasha (thrice) (D:3)
  2 orc wizards (D:4)
  4 gnolls (D:4)
  5 adders
  A worm (D:4)
  5 dart slugs
  5 orcs (D:4)
  4 ball pythons
  5 bats
  7 endoplasms
  4 giant cockroaches
  6 goblins
  5 hobgoblins
  5 jackals
  4 quokkas
  A frilled lizard (D:1)
  7 kobolds
  3 rats
85 creatures vanquished.

Notes
Turn   | Place    | Note
-------+----------+-------------------------------------------
     0 | D:1      | heavoid the Minotaur Fighter began the quest for the Orb.
     0 | D:1      | Reached XP level 1. HP: 19/19 MP: 0/0
   198 | D:1      | Reached XP level 2. HP: 22/27 MP: 1/1
   299 | D:1      | Reached skill level 4 in Armour
   399 | D:1      | Reached XP level 3. HP: 30/33 MP: 2/2
   734 | D:2      | Identified the ring "Jeinucoy" {Contam rC++ rN+ Int+4
                  | Stlth+}
  1567 | D:3      | Noticed Natasha
  1580 | D:3      | Killed Natasha
  1581 | D:3      | Reached XP level 4. HP: 24/41 MP: 3/3
  1750 | D:3      | Found a glowing golden altar of the Shining One.
  1758 | D:3      | Became a worshipper of the Shining One
  1826 | D:3      | Noticed Natasha
  1834 | D:3      | Killed Natasha
  1870 | D:3      | Found a faded altar of an unknown god.
  2193 | D:3      | Noticed Natasha
  2203 | D:3      | Killed Natasha
  2204 | D:3      | Reached XP level 5. HP: 27/47 MP: 4/4
  2422 | D:4      | Reached skill level 1 in Maces & Flails
  2426 | D:4      | Reached skill level 1 in Dodging
  2444 | D:4      | Reached skill level 5 in Armour
  2569 | D:4      | Found a runed translucent door.
  2570 | D:4      | Noticed earlgrey's ghost (novice KoBr)
  2656 | D:4      | Killed earlgrey's ghost
  2657 | D:4      | Reached XP level 6. HP: 43/55 MP: 5/5
  2943 | D:4      | Reached skill level 5 in Fighting
  2943 | D:4      | Reached skill level 5 in Shields
  2943 | D:4      | Reached XP level 7. HP: 54/61 MP: 6/6
  2947 | D:4      | Reached * piety under the Shining One
  2976 | D:4      | Reached skill level 5 in Maces & Flails
  3499 | D:4      | Found a staircase to the Ecumenical Temple.
  3517 | Temple   | Entered the Ecumenical Temple
  3680 | Temple   | Fell from the grace of the Shining One
  3680 | Temple   | Became a worshipper of Cheibriados the Contemplative
  3694 | Temple   | Fell from the grace of Cheibriados
  3694 | Temple   | Became a worshipper of Vehumet
  3706 | Temple   | Fell from the grace of Vehumet
  3706 | Temple   | Became a worshipper of Xom of Chaos
  3718 | Temple   | Fell from the grace of Xom
  3718 | Temple   | Became a worshipper of Ru the Awakened
  3730 | Temple   | Fell from the grace of Ru
  3730 | Temple   | Became a worshipper of Zin the Law-Giver
  3730 | Temple   | Reached * piety under Zin
  3744 | Temple   | Fell from the grace of Zin
  3744 | Temple   | Became a worshipper of Nemelex Xobeh the Trickster
  3756 | Temple   | Fell from the grace of Nemelex Xobeh
  3756 | Temple   | Became a worshipper of Sif Muna the Loreminder
  3759 | Temple   | Fell from the grace of Sif Muna
  3759 | Temple   | Became a worshipper of Dithmenos the Shadowed
  3771 | Temple   | Fell from the grace of Dithmenos
  3771 | Temple   | Became a worshipper of Uskayaw the Reveller
  3783 | Temple   | Fell from the grace of Uskayaw
  3783 | Temple   | Became a worshipper of Cheibriados the Contemplative
  3884 | D:4      | Reached skill level 6 in Armour
  3922 | D:4      | Found an ornate altar of the Wu Jian Council.
  3929 | D:4      | Noticed a spectral centipede
  3929 | D:4      | Noticed a spectral black mamba
  3929 | D:4      | Noticed a spectral cane toad
  3932 | D:4      | Fell from the grace of Cheibriados
  3932 | D:4      | Became a worshipper of the Wu Jian Council
  3998 | D:4      | You are sucked into a shaft and drop 3 floors!
  4016 | D:7      | Noticed a steam dragon
  4026 | D:7      | Noticed a wyvern
  4042 | D:9      | Noticed a hornet
  4059 | D:8      | Slain by a hornet

Illustrated notes

Levels and vault maps discovered:
D:1:      dpeg_arrival_ternary, layout_basic, minmay_misc_feat_chi
D:2:      layout_rooms, minmay_tromino_v4_a
D:3:      layout_rooms, mainiacjoe_overflow_six_doors_small,
          chequers_ecumenical_altar_island, uniq_natasha
D:4:      layout_loops_cross, pdpol_wu_jian_five_deadly_venoms,
          minmay_temple_entry_statues_pillars, ebering_ghost_reflecting_pool,
          chequers_avenue
D:7:      layout_basic, demons_altar, ashenzari_conservatory_becter,
          moated_statue, minmay_misc_feat_rugged, nicolae_figureground_sparkle
D:8:      kennysheep_seaside_town, layout_cave_pools,
          lemuel_coloured_pillars_altar
D:9:      layout_loops_ring, mainiacjoe_overflow_boulevard, minitemple
Temple:   nicolae_temple_figure_zero

Skill      XL: |  1  2  3  4  5  6  7 |
---------------+----------------------+-----
Fighting       | 4 5 |  5.3
Armour         | 4 5 6 |  6.0
Shields        | 4 5 |  5.3
Long Blades    | 3 4 |  4.0
Maces & Flails | 3 4 5 |  5.8
Dodging        | 2 |  2.8
Throwing       | |  0.2
Stealth        | |  0.4

Action                   |  1- 3 |  4- 6 |  7- 9 || total
-------------------------+-------+-------+-------++-------
Melee: Long sword        |    61 |       |       ||    61
       Headbutt          |    12 |    15 |    18 ||    45
       Whip              |    30 |    90 |    63 ||   183
Throw: Stone             |     1 |     3 |       ||     4
Invok: Lunge             |       |       |     1 ||     1
  Use: Scroll            |     4 |     2 |     2 ||     8
       Potion            |     4 |       |     1 ||     5
Armor: Scale mail        |    43 |    22 |    30 ||    95
Dodge: Dodged            |    40 |    18 |    20 ||    78
Block: Buckler           |    11 |     3 |       ||    14
       Kite shield       |       |    33 |    30 ||    63

Table legend: (Time is in decaauts)
 A = Elapsed time spent in this place.
 B = Non-inter-level travel time spent in this place.
 C = Inter-level travel time spent in this place.
 D = Time resting spent in this place.
 E = Time spent auto-exploring this place.
 F = Levels seen in this place.
 G = Mean time per level.
                   A        B        C        D        E       F      G
               +--------+--------+--------+--------+--------+-----+--------+
         Total |   4205 |   4167 |     38 |      0 |   2179 |   8 |  525.6 |
       Dungeon |   3897 |   3859 |     38 |      0 |   2079 |   7 |  556.7 |
        Temple |    308 |    308 |      0 |      0 |    100 |   1 |  308.0 |
               +--------+--------+--------+--------+--------+-----+--------+

Top non-repeatable levels by time:
     D:4: 1368 daAuts
     D:3: 972 daAuts
     D:2: 796 daAuts
     D:1: 685 daAuts
  Temple: 308 daAuts
     D:7: 46 daAuts
     D:8: 22 daAuts
     D:9: 4 daAuts
